 Dungeon Crawl Stone Soup version 0.23.0-3-gf3c87f2 (webtiles) character file.

Game seed: 13644199251997070928

29 Borgoz the Sneak (level 3, -1/25 (26) HPs)
             Began as a Ghoul Enchanter on Feb 24, 2019.
             Slain by Sigmund
             ... wielding a +0 scythe of venom
              (8 damage)
             ... on level 4 of the Dungeon.
             The game lasted 00:01:47 (1038 turns).

Borgoz the Sneak (Ghoul Enchanter)                  Turns: 1038, Time: 00:01:47

HP:   -1/25 (26)    AC:  3    Str: 10 (11) XL:     3   Next: 16%
MP:   0/4           EV: 11    Int:  8 (10) God:
Gold: 60            SH:  0    Dex:  9 (10) Spells: 4/5 levels left

rFire    . . .     SeeInvis .   a - +1 dagger
rCold    + . .     Gourm    .   (no shield)
rNeg     + + +     Faith    .   i - +0 leather armour
rPois    ∞         Spirit   +   (no helmet)
rElec    .         Reflect  .   j - scarf {Spirit}
rCorr    .         Harm     .   (no gloves)
MR       .....                  (no boots)
Stlth    ++........             (no amulet)
HPRegen  0.00/turn              o - ring of wizardry
MPRegen  0.09/turn              (no ring)

@: rotting
A: rotting body, claws 1, carnivore, cold resistance 1, negative energy
resistance 3, inhibited regeneration, torment resistance, unbreathing
a: no special abilities


You were on level 4 of the Dungeon.
You were not hungry.

You visited 1 branch of the dungeon, and saw 3 of its levels.

You collected 60 gold pieces.

Inventory:

Hand Weapons
 a - a +1 dagger (weapon)
Missiles
 b - 14 poisoned needles
Armour
 i - a +0 leather armour (worn)
 j - a scarf of spirit shield (worn)
Jewellery
 o - a ring of wizardry (left claw)
Scrolls
 c - 2 scrolls of random uselessness {unknown}
 e - a scroll of enchant weapon {unknown}
 g - a scroll of teleportation {unknown}
 h - 2 scrolls of enchant armour {unknown}
 n - a scroll of identify {unknown}
Potions
 l - a potion of ambrosia {unknown}
 m - a potion of flight {unknown}
Comestibles
 d - a ration
 f - a chunk of flesh


   Skills:
 * Level 1.6 Short Blades
 + Level 2.0 Dodging
 + Level 3.6 Stealth
 - Level 1.7 Spellcasting
 * Level 2.7 Hexes


You had 4 spell levels left.
You knew the following spells:

 Your Spells              Type           Power        Failure   Level  Hunger
a - Corona                Hex            #......      6%          1    ##.....

Your spell library contained the following spells:

 Spells                   Type           Power        Failure   Level  Hunger
 Ensorcelled Hibernation  Hex/Ice        #.....       16%         2    ###....
 Confuse                  Hex            #.......     19%         3    ####...
 Tukima's Dance           Hex            #.......     19%         3    ####...
 Dazzling Spray           Conj/Hex       #.....       32%         3    ####...


Dungeon Overview and Level Annotations

Branches:
Dungeon (2/15)

Altars:

Annotations:
D:4 Sigmund


Innate Abilities, Weirdness & Mutations

Your body is rotting away.
You thrive on raw meat.
You are immune to poison.
You have sharp fingernails.
You are carnivorous and can eat meat at any time.
Your flesh is cold resistant. (rC+)
You are immune to negative energy. (rN+++)
You do not regenerate when monsters are visible.
You are immune to unholy pain and torment.
You can survive without breathing.


Message History

Sigmund gestures wildly while chanting.
Sigmund flickers and vanishes!
Deactivating autopickup; reactivate with Ctrl-A.
The worker ant closely misses you.
You hit the worker ant.
The worker ant is moderately wounded.
Something hits you!
* * * LOW HITPOINT WARNING * * *
The worker ant bites you but does no damage.
It was a potion of mutation.
You feel extremely strange.
Your body decomposes!
You feel dopey.
Your body decomposes!
You feel weakened.
Your body decomposes!
You feel dopey.
Your body decomposes!
You feel clumsy. The worker ant barely misses you. Something hits you!
You die...

#.####
#####....#
.........###
...........#
###.##.##.#
#.##.##.#
#.##.##.#
#.#####....##.#
#...{a@....##÷#
#.#####...###.#
##.## #.# ...#
#.# .....##.#
.........#
#.....####
##...## ##.


You could see a worker ant.

Vanquished Creatures
  A dart slug (D:1)
  2 ball pythons (D:1)
  A giant cockroach (D:1)
  3 goblins (D:1)
  3 hobgoblins (D:1)
  3 jackals (D:1)
  A quokka (D:4)
  3 bats (D:1)
  4 kobolds (D:1)
  2 rats (D:1)
23 creatures vanquished.

Notes
Turn   | Place    | Note
-------+----------+-------------------------------------------
     0 | D:1      | Borgoz the Ghoul Enchanter began the quest for the Orb.
     0 | D:1      | Reached XP level 1. HP: 14/14 MP: 2/2
    29 | D:1      | Reached skill level 1 in Short Blades
   119 | D:1      | Reached XP level 2. HP: 14/20 MP: 3/3
   544 | D:1      | Reached XP level 3. HP: 16/26 MP: 4/4
  1013 | D:2      | You fall through a shaft for 2 floors!
  1030 | D:4      | Noticed Sigmund
  1038 | D:4      | Slain by Sigmund

Skill      XL: |  1  2 |
---------------+-------+-----
Short Blades   | 1 |  1.6
Dodging        | 2 |  2.0
Stealth        | |  3.6
Spellcasting   | |  1.7
Hexes          | |  2.7

Action                   || total
-------------------------++-------
Melee: Dagger            ||    97
  Use: Potion            ||     1
  Eat: Chunk             ||     5
Armor: Robe              ||     7
       Leather armour    ||     7
Dodge: Dodged            ||    56
